 Dungeon Crawl Stone Soup version 0.31-a0-965-g8a8ce12e04 (webtiles) character file.

Game seed: 5643004755930266919

403 CowFu the Ruffian (level 6, -1/42 HPs)
             Began as a Gnoll Shapeshifter on Oct 27, 2023.
             Was a Follower of Hepliaklqana.
             Slain by a phantom (6 damage)
             ... on level 5 of the Dungeon.
             The game lasted 00:02:53 (3628 turns).

CowFu the Ruffian (Gnoll Shapeshifter)              Turns: 3628, Time: 00:02:54

Health: -1/42      AC:  2    Str: 15    XL:     6   Next: 86%
Magic:  9/9        EV: 15    Int:  9    God:    Hepliaklqana [*.....]
Gold:   308        SH:  0    Dex: 18    Spells: 9/9 levels left

rFire   . . .        q - +3 hammer of the Insatiable Shrikes {freeze, SInv Stlth+}
rCold   . . .        (no shield)
rNeg    . . .        a - +0 animal skin
rPois   .            (helmet currently unavailable)
rElec   .            (cloak currently unavailable)
rCorr   .            (gloves currently unavailable)
SInv    +            (boots currently unavailable)
Will    .....        k - amulet of the acrobat
Stlth   +++          o - +6 ring of dexterity
HPRegen 0.27/turn    (no ring)
MPRegen 0.11/turn

%: acrobat
@: beast-form
A: beast (slay +3), reduced essence, fangs 1, strong nose, distributed training
a: Begin Untransformation, Renounce Religion, Recall Ancestor, Ancestor Identity


You were on level 5 of the Dungeon.
You worshipped Hepliaklqana.
Hepliaklqana was aware of your devotion.
You were a hulking beast.
You visited 1 branch of the dungeon, and saw 5 of its levels.

You collected 308 gold pieces.

Inventory:

Hand Weapons
 g - a +4 quarterstaff of chaos
 q - the +3 hammer of the Insatiable Shrikes (weapon) {freeze, SInv Stlth+}
   (You found it on level 4 of the Dungeon)

   SInv:      It lets you see invisible.
   Stlth+:    It makes you more stealthy.
Armour
 a - a +0 animal skin (worn)
 e - a +0 pair of boots
 i - a +1 cloak of willpower
 n - a +0 helmet
 p - a +0 pair of boots
Jewellery
 k - an amulet of the acrobat (around neck)
 o - a +6 ring of dexterity (left hand)
 A - an amulet of faith
Talismans
 c - a beast talisman
 d - a flux talisman
 h - a maw talisman
Wands
 x - a wand of mindburst (9)
 y - a wand of light (12)
Scrolls
 f - a scroll of amnesia
 j - 3 scrolls of teleportation
 v - a scroll of noise {unknown}
 z - a scroll of revelation {unknown}
Potions
 b - 2 potions of lignification
 l - 2 potions of enlightenment
 m - 2 potions of haste {unknown}
 r - a potion of degeneration {unknown}
 s - a potion of mutation {unknown}
 t - a potion of might
 u - 4 potions of curing {unknown}
 w - 2 potions of invisibility {unknown}
 B - a potion of ambrosia {unknown}


   Skills:
 + Level 3.4 Fighting
 + Level 2.2 Short Blades
 + Level 2.2 Long Blades
 + Level 2.2 Axes
 + Level 2.2 Maces & Flails
 + Level 2.2 Polearms
 + Level 2.2 Staves
 + Level 2.2 Ranged Weapons
 + Level 2.2 Throwing
 + Level 2.2 Armour
 + Level 5.1 Dodging
 + Level 2.2 Stealth
 + Level 2.2 Shields
 + Level 6.9 Unarmed Combat
 + Level 2.2 Spellcasting
 + Level 1.7 Conjurations
 + Level 1.7 Hexes
 + Level 1.7 Summonings
 + Level 1.7 Necromancy
 + Level 1.7 Translocations
 + Level 1.7 Transmutations
 + Level 1.7 Fire Magic
 + Level 1.7 Ice Magic
 + Level 1.7 Air Magic
 + Level 1.7 Earth Magic
 + Level 1.7 Poison Magic
 + Level 2.4 Invocations
 + Level 2.2 Evocations
 + Level 6.8 Shapeshifting


You had 9 spell levels left.
You didn't know any spells.
Your spell library contained the following spells:

 Spells                   Type           Power      Damage    Failure   Level
 Magic Dart               Conj           16%        1d3       16%         1
 Searing Ray              Conj           8%         2d4       24%         2
 Ignite Poison            Fire/Tmut/Pois 4%         N/A       43%         3
 Fulminant Prism          Conj/Hex       2%         3d5       85%         4
 Sticky Flame             Conj/Fire      4%         2d3       85%         4
 Ignition                 Fire           2%         3d3       100%        8


Dungeon Overview and Level Annotations

Branches:
Dungeon (5/15)             Temple (0/1) D:4

Altars:
Dithmenos
Hepliaklqana
Qazlal
Ru
Trog
Zin

Annotations:
D:1 1 transporter


Innate Abilities, Weirdness & Mutations

You are a hulking beast.
Your limbs bulge with bestial killing power. (Slay +3)
Your life essence is reduced to manifest your ancestor. (-10% HP)
You have very sharp teeth.
Your uncanny sense of smell can sniff out nearby items.
Your experience applies equally to all skills.


Message History

No target in view!
No target in view!
B - a bubbling amethyst potion Key pressed, stopping explore.
No target in view!
A phantom comes into view.
A phantom is nearby!
The phantom hits you.
A phantom is nearby!
You hit the phantom but do no damage. Your bite misses the phantom.
The phantom closely misses you.
A phantom is nearby!
You thump the phantom!
The phantom is moderately damaged.
Baqqanum hits the phantom.
The phantom hits you.
The phantom blinks!
You blink.
A centaur comes into view.
Found 10 gold pieces.
There are monsters nearby!
You hit the phantom.
The phantom is heavily damaged.
The phantom hits you!
The phantom blinks!
You blink.
The phantom barely misses you.
There are monsters nearby!
You hit the phantom. Your bite misses the phantom.
The phantom is severely damaged.
The centaur shouts!
The centaur wields a +0 orcbow.
The centaur shoots an arrow.
The arrow hits you! The phantom hits you.
There are monsters nearby!
You are too injured to fight recklessly!
There are monsters nearby!
You are too injured to fight recklessly!
There are monsters nearby!
You are too injured to fight recklessly!
You barely miss the phantom. You bite the phantom, but do no damage.
The phantom is severely damaged.
The centaur shoots an arrow.
The arrow hits you!
* * * LOW HITPOINT WARNING * * *
The centaur shoots an arrow.
The arrow barely misses you. The phantom hits you.
You die...

######R.........#
#.#######..# #.# ..
#)...# #R##.# ...#.#
######....#######...
#...........# ##
#.....ยง$....#
#...W.......#
#..h........#
#...........#
#...........#
#...........#
#.c.........#
###########


You could see the friendly Baqqanum the ancestor, a phantom (ally target) and a
centaur.

Vanquished Creatures
  A phantom (D:5)
  A gnoll sergeant (D:4)
  Crazy Yiuf (D:4)
  A hound (D:4)
  Jessica (D:3)
  6 adders
  3 gnolls (D:5)
  2 worms
  A dart slug (D:2)
  3 orcs
  4 ball pythons
  6 bats
  4 endoplasms
  5 goblins
  5 hobgoblins
  4 jackals (D:1)
  4 kobolds
  4 quokkas
  A frilled lizard (D:1)
  7 rats
64 creatures vanquished.

Vanquished Creatures (collateral kills)
  A sleepcap (D:5)
1 creature vanquished.

Grand Total: 65 creatures vanquished

Notes
Turn   | Place    | Note
-------+----------+-------------------------------------------
     0 | D:1      | CowFu the Gnoll Shapeshifter began the quest for the Orb.
     0 | D:1      | Reached XP level 1. HP: 17/17 MP: 1/1
   109 | D:1      | Reached XP level 2. HP: 23/23 MP: 2/2
   595 | D:2      | Reached XP level 3. HP: 28/28 MP: 3/3
   634 | D:2      | Reached skill level 1 in Invocations
   677 | D:2      | Reached skill level 1 in Short Blades
   677 | D:2      | Reached skill level 1 in Long Blades
   677 | D:2      | Reached skill level 1 in Axes
   677 | D:2      | Reached skill level 1 in Maces & Flails
   677 | D:2      | Reached skill level 1 in Polearms
   677 | D:2      | Reached skill level 1 in Staves
   677 | D:2      | Reached skill level 1 in Ranged Weapons
   677 | D:2      | Reached skill level 1 in Throwing
   677 | D:2      | Reached skill level 1 in Armour
   677 | D:2      | Reached skill level 1 in Stealth
   677 | D:2      | Reached skill level 1 in Shields
   677 | D:2      | Reached skill level 1 in Spellcasting
   677 | D:2      | Reached skill level 1 in Evocations
   761 | D:2      | Reached XP level 4. HP: 34/34 MP: 5/5
   861 | D:2      | Found a faded altar of an unknown god.
   871 | D:2      | Prayed at the altar of an unknown god.
  1267 | D:2      | Reached skill level 1 in Conjurations
  1267 | D:2      | Reached skill level 1 in Hexes
  1267 | D:2      | Reached skill level 1 in Summonings
  1267 | D:2      | Reached skill level 1 in Necromancy
  1267 | D:2      | Reached skill level 1 in Translocations
  1267 | D:2      | Reached skill level 1 in Transmutations
  1267 | D:2      | Reached skill level 1 in Fire Magic
  1267 | D:2      | Reached skill level 1 in Ice Magic
  1267 | D:2      | Reached skill level 1 in Air Magic
  1267 | D:2      | Reached skill level 1 in Earth Magic
  1267 | D:2      | Reached skill level 1 in Poison Magic
  1626 | D:3      | Found a shadowy altar of Dithmenos.
  1682 | D:3      | Noticed Jessica
  1690 | D:3      | Found a hazy altar of Hepliaklqana.
  1692 | D:3      | Killed Jessica
  1693 | D:3      | Reached XP level 5. HP: 27/40 MP: 5/7
  1700 | D:3      | Became a worshipper of Hepliaklqana the Forgotten
  2316 | D:4      | Found a staircase to the Ecumenical Temple.
  2388 | D:4      | Found a sacrificial altar of Ru.
  2646 | D:4      | Found a runed translucent door.
  2647 | D:4      | Noticed Crazy Yiuf
  2793 | D:4      | Found a bloodstained altar of Trog.
  2793 | D:4      | Found a stormy altar of Qazlal.
  3059 | D:4      | Killed Crazy Yiuf
  3062 | D:4      | Identified the +3 hammer of the Insatiable Shrikes {freeze,
                  | SInv Stlth+}
  3119 | D:5      | Entered Level 5 of the Dungeon
  3170 | D:5      | Noticed a phantom
  3178 | D:5      | Killed a phantom
  3179 | D:5      | Reached XP level 6. HP: 40/47 MP: 8/8
  3209 | D:5      | Reached * piety under Hepliaklqana
  3374 | D:4      | Reached skill level 5 in Dodging
  3628 | D:5      | Slain by a phantom

Illustrated notes

Levels and vault maps discovered:
D:1:      spicycebolla_arrival_risky_transporter, layout_rooms,
          hangedman_decor_peaks_small
D:2:      minmay_diamond_boxcup, layout_basic, hellmonk_ecumenical_altar_run_dry
D:3:      layout_loops_ring, nicolae_hepliaklqana_hazy_memory,
          nicolae_overflow_hidden_temple, hangedman_glass_teeth, uniq_jessica
D:4:      layout_gridville, overflow_temple_1_default,
          gammafunk_temple_overflow_wave, minmay_temple_entry_tees,
          uniq_crazy_yiuf_cottage
D:5:      layout_basic

Skill      XL: |  1  2  3  4  5  6 |
---------------+-------------------+-----
Invocations    | 1 2 |  2.4
Short Blades   | 1 2 |  2.2
Long Blades    | 1 2 |  2.2
Axes           | 1 2 |  2.2
Maces & Flails | 1 2 |  2.2
Polearms       | 1 2 |  2.2
Staves         | 1 2 |  2.2
Ranged Weapons | 1 2 |  2.2
Throwing       | 1 2 |  2.2
Armour         | 1 2 |  2.2
Stealth        | 1 2 |  2.2
Shields        | 1 2 |  2.2
Spellcasting   | 1 2 |  2.2
Evocations     | 1 2 |  2.2
Conjurations   | 1 |  1.7
Hexes          | 1 |  1.7
Summonings     | 1 |  1.7
Necromancy     | 1 |  1.7
Translocations | 1 |  1.7
Transmutations | 1 |  1.7
Fire Magic     | 1 |  1.7
Ice Magic      | 1 |  1.7
Air Magic      | 1 |  1.7
Earth Magic    | 1 |  1.7
Poison Magic   | 1 |  1.7
Fighting       | 3 |  3.4
Dodging        | 5 |  5.1
Unarmed Combat | |  6.9
Shapeshifting  | |  6.8

Action                     |  1- 3 |  4- 6 || total
---------------------------+-------+-------++-------
  Melee: Unarmed           |    61 |    52 ||   113
         Bite              |     7 |     4 ||    11
         Punch             |     3 |     3 ||     6
         Mace              |       |    24 ||    24
    Use: Scroll            |       |     5 ||     5
         Potion            |       |     1 ||     1
   Stab: Sleeping          |     5 |     5 ||    10
 Armour: Animal skin       |    15 |    37 ||    52
  Dodge: Dodged            |    43 |    45 ||    88

Table legend: (Time is in decaauts)
 A = Elapsed time spent in this place.
 B = Non-inter-level travel time spent in this place.
 C = Inter-level travel time spent in this place.
 D = Time resting spent in this place.
 E = Time spent auto-exploring this place.
 F = Levels seen in this place.
 G = Mean time per level.
                   A        B        C        D        E       F      G
               +--------+--------+--------+--------+--------+-----+--------+
         Total |   3621 |   3513 |    108 |      0 |   3040 |   5 |  724.2 |
       Dungeon |   3621 |   3513 |    108 |      0 |   3040 |   5 |  724.2 |
               +--------+--------+--------+--------+--------+-----+--------+

Top non-repeatable levels by time:
     D:4: 1008 daAuts
     D:3: 907 daAuts
     D:2: 879 daAuts
     D:1: 508 daAuts
     D:5: 317 daAuts
